 Dungeon Crawl Stone Soup version 0.31.0-11-ge490571c62 (webtiles) character file.

Game seed: 9502852236790525681

254618 Arcadio the Slayer (level 19, -5/205 HPs)
             Began as a Gargoyle Gladiator on Jan 31, 2024.
             Was the Champion of Trog.
             Slain by a rockslime (26 damage)
             ... created by the Royal Jelly
             ... on level 5 of the Pits of Slime on Feb 1, 2024.
             The game lasted 01:30:48 (30300 turns).

Arcadio the Slayer (Gargoyle Gladiator)            Turns: 30300, Time: 01:30:49

Health: -5/205     AC: 37    Str: 28    XL:     19   Next: 75%
Magic:  19/19      EV:  9    Int: 10    God:    Trog [******]
Gold:   456        SH: 15    Dex: 15    Spells: 18/18 levels left

rFire   . . .        a - +9 eveningstar (flame)
rCold   + . .        U - +3 kite shield
rNeg    + + .        l - +0 plate armour of the Game of Kings {Will+ Regen+}
rPois   ∞            e - +2 helmet
rElec   +            u - +2 cloak {rCorr}
rCorr   +            w - +0 pair of gloves "Teijugg" {Rampage rN+ Slay+3}
SInv    .            F - +2 pair of boots {rampage}
Will    +++++        k - amulet of regeneration Stlth
                     Q - ring of Gauso {rC+ rCorr Str+3 Dex+6 Stlth-}
HPRegen 3.14/turn    O - ring of willpower
MPRegen 0.16/turn

%: clarity, rampage
@: berserking (expiring), strong-willed, corroded, flying, regenerating, very
quick
A: sickness immunity, AC +14, big wings, negative energy resistance 1,
electricity resistance, torment resistance 1, petrification resistance, claws 1,
iridescent scales 1, clarity, clumsy 1, strong-willed 1
}: 2/15 runes: barnacled, gossamer
a: Renounce Religion, Berserk, Trog's Hand, Brothers in Arms


You were on level 5 of the Pits of Slime.
You worshipped Trog.
Trog was exalted by your worship.
You visited 7 branches of the dungeon, and saw 36 of its levels.
You visited the Abyss 1 time.
You also visited: Ice Cave.

You collected 2670 gold pieces.
You spent 2214 gold pieces at shops.

Inventory:

Hand Weapons
 a - a +9 eveningstar of flaming (weapon)
 M - a +2 morningstar of holy wrath
 Y - a +4 heavy eveningstar
Armour
 e - a +2 helmet (worn)
 l - the +0 plate armour of the Game of Kings (worn) {Will+ Regen+}
   (You found it on level 8 of the Dungeon)

   Will+:     It increases your willpower.
   Regen+:    It increases your rate of health regeneration.
 u - a +2 cloak of preservation (worn)
 v - a +3 buckler of cold resistance
 w - the +0 pair of gloves "Teijugg" (worn) {Rampage rN+ Slay+3}
   (You found it on level 3 of the Dungeon)

   Slay+3:    It affects your accuracy & damage with ranged weapons and melee
   (+3).
   rN+:       It protects you from negative energy.
   Rampage:   It bestows one free step when moving towards enemies.
 F - a +2 pair of boots of rampaging (worn)
 U - a +3 kite shield (worn)
Jewellery
 k - an amulet of regeneration (around neck)
 m - a +6 ring of strength
 n - a ring of ice
 r - a ring of ice
 L - a ring of fire
 N - a ring of see invisible
 O - a ring of willpower (right hand)
 Q - the ring of Gauso (left hand) {rC+ rCorr Str+3 Dex+6 Stlth-}
   (You found it on level 4 of the Shoals)

   [ring of dexterity]

   Str+3:     It affects your strength (+3).
   Dex+6:     It affects your dexterity (+6).
   rC+:       It protects you from cold.
   rCorr:     It protects you from acid and corrosion.
   Stlth-:    It makes you less stealthy.
 R - a ring of positive energy
 X - a ring of positive energy
Wands
 x - a wand of paralysis (28)
 A - a wand of acid (6)
 E - a wand of mindburst (26)
 G - a wand of flame (21)
 P - a wand of iceblast (10)
 W - a wand of polymorph (19)
Scrolls
 d - a scroll of enchant weapon
 i - 13 scrolls of teleportation
 j - 3 scrolls of fog
 y - 2 scrolls of silence
 B - 3 scrolls of fear
 K - 4 scrolls of revelation
 S - 6 scrolls of immolation
 T - a scroll of brand weapon
 V - 2 scrolls of poison
Potions
 b - 10 potions of ambrosia
 g - 5 potions of attraction
 h - 3 potions of heal wounds
 o - 3 potions of lignification
 p - 5 potions of haste
 q - 5 potions of mutation
 s - 6 potions of invisibility
 t - 3 potions of might
 z - 12 potions of curing
 D - a potion of cancellation
 H - a potion of resistance
 I - 4 potions of enlightenment
Miscellaneous
 c - a condenser vane
 C - a phantom mirror


   Skills:
 + Level 21.2 Fighting
 + Level 19.3(19.5) Maces & Flails
 - Level 3.3(13.1) Staves
 - Level 1.7 Throwing
 + Level 20.9 Armour
 - Level 2.7 Dodging
 + Level 11.8 Shields


You had 18 spell levels left.
You didn't know any spells.
Your spell library was empty.

Dungeon Overview and Level Annotations

Branches:
Dungeon (15/15) Temple (1/1) D:5 Lair (5/5) D:11 Shoals (4/4) Lair:3 Spider (4/4) Lair:2 Slime (5/5) Lair:4 Orc (2/2) D:12 Elf (0/3) Orc:2 Vaults (0/5) D:12 D:13 Depths (0/4) D:15 IceCv (visited)

Altars:
Ashenzari
Cheibriados
Dithmenos
Elyvilon
Fedhas
Gozag
Hepliaklqana
Kikubaaqudgha
Makhleb
Nemelex Xobeh
Okawaru
Qazlal
Ru
Sif Muna
Trog
Uskayaw
Vehumet
Wu Jian
Xom
Yredelemnul
Zin
The Shining One
Jiyva
Lugonu

Shops:
D:3 (   D:7 [   D:10 :   D:13 [   D:15 *   Orc:2 =**[   Shoals:2 =   Shoals:3 (
Shoals:4 (

Portals:
Trove: D:12 (give 2 scrolls of acquirement)

Annotations:
D:4 2 transporters
D:14 2 transporters, Axipewex's ghost, journeyman OnSh
Lair:2 3 runed translucent doors, Dumidips's ghost, journeyman OpMo; Nattefrost's ghost, journeyman MiMo
Lair:3 2 transporters, Ruicvywi's ghost, journeyman OnSh
Slime:5 Royal Jelly


Innate Abilities, Weirdness & Mutations

You are immune to sickness and miasma.
Your stone body is resilient. (AC +14)
You are immune to poison.
Your large and strong wings let you fly.
You resist negative energy. (rN+)
You are resistant to electric shocks. (rElec)
You are resistant to unholy torment.
You are immune to petrification.
You have sharp fingernails.
You are partially covered in iridescent scales. (AC +2)
You possess an exceptional clarity of mind.
You are clumsy. (Dex -2)
You are strong-willed. (Will+)


Message History

The splash of acid hits you! You resist.
* * * LOW HITPOINT WARNING * * *
You impale the acid blob!! You burn the acid blob.
Your hands burn!
* * * LOW HITPOINT WARNING * * *
The acid blob is almost dead.
You block the azure jelly's attack.
The azure jelly hits you but does no damage. x2
The azure jelly hits you.
* * * LOW HITPOINT WARNING * * *
You block the rockslime's attack. The acid blob barely misses you.
You bludgeon the acid blob!! You burn the acid blob!
You kill the acid blob!
That felt strangely unrewarding.
You block the azure jelly's attack. x3
The azure jelly hits you but does no damage.
The rockslime barely misses you.
You closely miss the azure jelly. You barely miss the azure jelly.
The azure jelly hits you but does no damage. x4
The rockslime hits you!!
* * * LOW HITPOINT WARNING * * *
You hold your ground!
The azure jelly hits you but does no damage. x2
The azure jelly closely misses you.
The azure jelly hits you but does no damage.
You barely miss the azure jelly.
The azure jelly hits you but does no damage.
The azure jelly barely misses you. You block the azure jelly's attack.
The azure jelly hits you but does no damage.
You impale the azure jelly!! You burn the azure jelly.
The azure jelly is heavily wounded.
The rockslime hits you but does no damage.
You block the azure jelly's attack. The azure jelly barely misses you.
The azure jelly closely misses you.
The azure jelly hits you but does no damage.
You sock the azure jelly! You burn the azure jelly.
The azure jelly is severely wounded.
The azure jelly closely misses you. You block the azure jelly's attack.
The azure jelly hits you but does no damage. x2
The rockslime hits you!!
You die...

### ### ##..##
#####..
....######.#...
#.....#.#...#
##..#.#.#.^##
#J..........#
#JJ.........#
#@JG#...#...#
######.######
#...# #.J.#
#...#
######J######
#...#.J.#...#
#...........#
#...#...#...#


You could see an acid blob, 2 azure jellies, a great orb of eyes and a
rockslime.

Vanquished Creatures
  Nikola (Shoals:2)
  Rupert (D:12)
  Polyphemus (Shoals:2)
  9 acid blobs
  2 krakens
  Ilsuiw (Shoals:2)
  2 azure jellies (Slime:2)
  8 rockslimes
  5 emperor scorpions
  Roxanne (Shoals:4)
  4 ghost moths
  5 quicksilver oozes
  An orc warlord (Orc:2)
  2 broodmothers (Spider:3)
  6 spark wasps (Spider:4)
  An ettin (D:15)
  7 merfolk javelineers
  12 merfolk impalers
  2 entropy weavers
  Fannar (Lair:2)
  3 hydras
  5 alligator snapping turtles
  A merfolk aquamancer (Shoals:2)
  6 catoblepae
  3 centaur warriors
  A satyr (Shoals:4)
  2 jorogumos
  5 merfolk avatars
  5 two-headed ogres
  A death knight (D:11)
  9 death yaks
  Urug (D:12)
  A radroach (Spider:3)
  2 tengu warriors
  3 boulder beetles
  15 demonic crawlers
  4 orc high priests (Orc:2)
  2 occultists (D:13)
  Nergalle (D:11)
  9 pharaoh ants
  5 skysharks
  A glowing orange brain (Slime:3)
  A deep troll (D:15)
  5 orb spiders
  A phantasmal warrior (D:10)
  14 sea snakes
  2 sun moths
  2 steelbarb worms (Spider:1)
  5 orc knights
  Pikel (D:6)
  A necromancer (D:15)
  18 harpies
  2 deep elf pyromancers (D:14)
  21 manticores
  4 orc sorcerers (Orc:2)
  17 wolf spiders
  3 oklob plants
  11 fauns
  5 shining eyes
  10 ugly things
  Maurice (D:10)
  6 cyclopes
  13 merfolk sirens
  2 moths of wrath
  3 meliai (D:14)
  A meliai (shapeshifter) (D:14)
  2 kobold blastminers (Orc:2)
  13 elephants
  7 water nymphs
  2 torpor snails (Spider:1)
  4 black mambas
  Maggie (D:6)
  2 gargoyles
  3 eyes of devastation
  8 cane toads
  8 komodo dragons
  An efreet (D:15)
  A freezing wraith (D:11)
  An unseen horror (D:13)
  A kobold demonologist (D:12)
  3 rime drakes
  5 yaktaurs (D:15)
  3 tengu conjurers
  50 merfolk
  A queen bee (Lair:1)
  6 wind drakes
  9 trolls
  4 hornets (Spider:4)
  10 snapping turtles
  A glass eye (Slime:2)
  24 tarantellas
  19 dream sheep
  Sigmund (D:6)
  A centaur simulacrum (D:15)
  2 shadows
  28 jumping spiders
  48 slime creatures
  9 water elementals
  24 culicivoras
  A vampire (D:11)
  2 wyverns (D:8)
  2 wraiths
  6 golden eyes (Slime:3)
  9 wargs
  56 yaks
  16 humans
  4 basilisks
  2 death yak simulacra (IceCv)
  33 redbacks
  19 vampire mosquitoes
  2 acid dragons (D:12)
  11 water moccasins
  47 orc warriors
  6 ice beasts
  4 laughing skulls
  13 ogres
  A sky beast (D:6)
  24 wolves
  4 boggarts (D:15)
  A wolf (shapeshifter) (D:14)
  3 centaurs
  A phantom (D:4)
  A kobold brigand (D:11)
  11 bullfrogs
  5 gnoll sergeants
  2 scorpions
  40 killer bees
  An elephant simulacrum (IceCv)
  5 electric eels
  2 howler monkeys
  7 hounds
  A crimson imp (D:13)
  37 orc priests
  2 bombardier beetles
  4 jellies
  A gnoll bouda (D:7)
  2 sleepcaps
  7 iguanas
  Terence (D:3)
  23 orc wizards
  A polar bear simulacrum (IceCv)
  2 wolf simulacra (IceCv)
  4 adders
  27 gnolls
  14 white imps
  6 ufetubi
  2 dart slugs
  101 orcs
  5 bats
  2 endoplasms (D:1)
  3 giant cockroaches
  4 hobgoblins
  7 ball pythons
  5 frilled lizards
  6 goblins
  13 kobolds
  4 rats
1233 creatures vanquished.

Vanquished Creatures (others)
  2 harpies (Shoals:4)
  A boggart (D:15)
  An orc priest (Orc:2)
  32 tentacles
36 creatures vanquished.

Grand Total: 1269 creatures vanquished

Notes
Turn   | Place    | Note
-------+----------+-------------------------------------------
     0 | D:1      | Arcadio the Gargoyle Gladiator began the quest for the Orb.
     0 | D:1      | Reached XP level 1. HP: 12/12 MP: 1/1
   116 | D:1      | Reached XP level 2. HP: 18/18 MP: 2/2
   423 | D:1      | Reached XP level 3. HP: 22/22 MP: 3/3
  1168 | D:2      | Reached skill level 3 in Fighting
  1364 | D:3      | Found Sengefui's Weapon Boutique.
  1436 | D:3      | Found a faded altar of an unknown god.
  1448 | D:3      | Prayed at the altar of an unknown god.
  1448 | D:3      | Became a worshipper of Trog the Wrathful
  1448 | D:3      | Reached * piety under Trog
  1463 | D:3      | Found an opulent altar of Gozag.
  1464 | D:3      | Found an opulent altar of Gozag.
  1470 | D:3      | Noticed Terence
  1485 | D:3      | Killed Terence
  1486 | D:3      | Reached skill level 1 in Maces & Flails
  1486 | D:3      | Reached skill level 1 in Armour
  1486 | D:3      | Reached XP level 4. HP: 25/28 MP: 4/4
  1571 | D:3      | Found an opulent altar of Gozag.
  1614 | D:3      | Found an opulent altar of Gozag.
  1656 | D:3      | Identified the +0 pair of gloves "Teijugg" {Rampage rN+
                  | Slay+3}
  1767 | D:4      | Found a snail-covered altar of Cheibriados.
  1792 | D:4      | Noticed an ice beast
  1800 | D:4      | Killed an ice beast
  1801 | D:4      | Reached skill level 4 in Fighting
  1801 | D:4      | Reached XP level 5. HP: 33/33 MP: 5/5
  1808 | D:4      | Noticed a water moccasin
  1819 | D:4      | Killed a water moccasin
  1820 | D:4      | Reached XP level 6. HP: 34/39 MP: 6/6
  1824 | D:4      | Found a sparkling altar of Nemelex Xobeh.
  1870 | D:4      | Found a transporter.
  1894 | D:4      | Found a transporter.
  2055 | D:4      | Found a sacrificial altar of Ru.
  2208 | D:4      | Found a glowing silver altar of Zin.
  2211 | D:4      | Found a white marble altar of Elyvilon.
  2227 | D:4      | Reached skill level 5 in Fighting
  2430 | D:5      | Entered Level 5 of the Dungeon
  2459 | D:4      | Reached XP level 7. HP: 27/44 MP: 7/7
  2618 | D:5      | Reached ** piety under Trog
  2638 | D:5      | Found a shimmering blue altar of Sif Muna.
  2758 | D:5      | Noticed a yak
  2771 | D:5      | Noticed a yak
  2772 | D:5      | Noticed a yak
  2778 | D:5      | Killed a yak
  2779 | D:5      | Reached skill level 6 in Fighting
  2784 | D:5      | Killed a yak
  2785 | D:5      | Reached skill level 5 in Armour
  2785 | D:5      | Reached XP level 8. HP: 49/51 MP: 8/8
  2792 | D:5      | Killed a yak
  2793 | D:5      | Reached skill level 5 in Maces & Flails
  2884 | D:5      | Found a staircase to the Ecumenical Temple.
  2904 | Temple   | Entered the Ecumenical Temple
  2920 | D:5      | Found a hide-covered altar of Uskayaw.
  3035 | D:6      | Noticed Sigmund
  3076 | D:6      | Reached skill level 7 in Fighting
  3093 | D:6      | Killed Sigmund
  3094 | D:6      | Reached XP level 9. HP: 33/57 MP: 9/9
  3159 | D:6      | Noticed Maggie
  3184 | D:6      | Killed Maggie
  3221 | D:6      | Identified the beast talisman of Xirph {Str+2 Int+2}
  3269 | D:6      | Found a bloodstained altar of Trog.
  3352 | D:6      | Found a stormy altar of Qazlal.
  3630 | D:6      | Reached skill level 8 in Fighting
  4299 | D:7      | Reached *** piety under Trog
  4448 | D:7      | Noticed Pikel
  4478 | D:6      | Killed Pikel
  4479 | D:6      | Reached skill level 9 in Fighting
  4584 | D:7      | Reached XP level 10. HP: 64/66 MP: 10/10
  4631 | D:7      | Found Revef's Armour Shop.
  4668 | D:7      | Found an ornate altar of the Wu Jian Council.
  5058 | D:8      | Identified the +0 plate armour of the Game of Kings {Will+
                  | Regen+}
  5208 | D:8      | Found a basalt altar of Yredelemnul.
  5224 | D:8      | Reached skill level 10 in Fighting
  6065 | D:10     | Entered Level 10 of the Dungeon
  6106 | D:10     | Reached skill level 10 in Armour
  6254 | D:10     | Reached **** piety under Trog
  6256 | D:10     | Noticed Maurice
  6263 | D:10     | Reached XP level 11. HP: 63/73 MP: 11/11
  6266 | D:10     | Something stole an amulet of guardian spirit
  6273 | D:10     | Paralysed by something for 2 turns
  6276 | D:10     | Something stole a +4 dagger
  6279 | D:10     | Paralysed by something for 4 turns
  6281 | D:10     | Something stole 566 gold
  6294 | D:10     | Paralysed by something for 3 turns
  6297 | D:10     | Killed Maurice
  6445 | D:10     | Found Udghuec's Book Emporium.
  6570 | D:10     | Reached skill level 11 in Fighting
  7044 | D:11     | Noticed a phantasmal warrior
  7060 | D:10     | Killed a phantasmal warrior
  7097 | D:11     | Noticed a death knight
  7105 | D:11     | Killed a death knight
  7106 | D:11     | Reached skill level 10 in Maces & Flails
  7108 | D:11     | Noticed Nergalle
  7126 | D:11     | Noticed a spectral orc warlord
  7309 | D:11     | Noticed a two-headed ogre
  7339 | D:11     | Killed a two-headed ogre
  7343 | D:11     | Reached skill level 12 in Fighting
  7409 | D:11     | Reached ***** piety under Trog
  7610 | D:7      | Bought the +3 plate armour "Fiwk" {-Cast +Inv Regen+
                  | Stlth-} for 654 gold pieces
  7797 | D:11     | Killed Nergalle
  7865 | D:11     | Found a staircase to the Lair.
  8026 | D:11     | Noticed a red ugly thing
  8036 | D:11     | Killed a red ugly thing
  8037 | D:11     | Reached XP level 12. HP: 72/81 MP: 12/12
  8057 | D:12     | Noticed a two-headed ogre
  8057 | D:12     | Found a portal to a secret trove of treasure.
  8101 | D:12     | Killed a two-headed ogre
  8152 | Lair:1   | Entered Level 1 of the Lair of Beasts
  8223 | Lair:1   | Received a gift from Trog
  8966 | Lair:2   | Found a runed translucent gate.
  8966 | Lair:2   | Found a runed translucent gate.
  8966 | Lair:2   | Found a runed translucent gate.
  8966 | Lair:2   | Noticed Nattefrost's ghost (journeyman MiMo)
  8990 | Lair:2   | Found a frozen archway.
  9056 | Lair:2   | Noticed Fannar
  9063 | Lair:2   | Killed Fannar
  9101 | IceCv    | Entered an ice cave
  9110 | IceCv    | Reached skill level 13 in Fighting
  9641 | Lair:2   | Reached skill level 1 in Shields
 10001 | Lair:2   | Found a hole to the Spider Nest.
 10073 | Lair:2   | Noticed Dumidips's ghost (journeyman OpMo)
 10552 | Lair:3   | Found a transporter.
 10570 | Lair:3   | Noticed a death yak
 10816 | Lair:3   | Noticed Ruicvywi's ghost (journeyman OnSh)
 10818 | Lair:3   | Found a transporter.
 10847 | Lair:3   | Reached XP level 13. HP: 88/88 MP: 13/13
 11175 | Lair:4   | Reached skill level 5 in Shields
 11220 | Lair:4   | Reached skill level 14 in Fighting
 11284 | Lair:4   | Received a gift from Trog
 11308 | Lair:4   | Found a staircase to the Slime Pits.
 11520 | Lair:4   | Found a broken altar of Ashenzari.
 11825 | Lair:5   | Entered Level 5 of the Lair of Beasts
 12006 | Lair:5   | Identified the +3 leather armour "Alasetee" {Int+4}
 12153 | Lair:5   | Gained mutation: Your large and strong wings let you fly.
                  | [Gargoyle growth]
 12153 | Lair:5   | Reached XP level 14. HP: 96/96 MP: 14/14
 12158 | Lair:5   | Reached skill level 15 in Fighting
 12575 | Lair:5   | Received a gift from Trog
 12634 | Lair:5   | Reached skill level 15 in Armour
 12709 | Lair:5   | Identified the +7 mace of Friendship {freeze, *Corrode rN+
                  | Int+3 Dex+5}
 13259 | D:7      | Bought a +1 pair of boots of rampaging for 247 gold pieces
 13574 | D:12     | Found a staircase to the Orcish Mines.
 13971 | Orc:1    | Entered Level 1 of the Orcish Mines
 14044 | Orc:1    | Reached ****** piety under Trog
 14289 | Orc:2    | Entered Level 2 of the Orcish Mines
 14354 | Orc:2    | Received a gift from Trog
 14597 | Orc:2    | Reached skill level 16 in Fighting
 14688 | Orc:2    | Paralysed by an orc sorcerer for 4 turns
 14786 | Orc:2    | Found a staircase to the Elven Halls.
 14889 | Orc:2    | Found Boiloopn's Antique Armour Boutique.
 14923 | Orc:2    | Noticed an orc warlord
 14947 | Orc:2    | Killed an orc warlord
 14965 | Orc:2    | Received a gift from Trog
 15002 | Orc:2    | Found Rudwov's General Store.
 15010 | Orc:2    | Bought a scroll of enchant armour for 82 gold pieces
 15010 | Orc:2    | Bought 3 scrolls of brand weapon for 313 gold pieces
 15051 | Orc:2    | Reached XP level 15. HP: 62/105 MP: 15/15
 15378 | Orc:2    | Found Tareutiv's General Store.
 15416 | Orc:2    | Bought a scroll of identify for 24 gold pieces
 15422 | Orc:2    | Found Ezxun's Jewellery Emporium.
 15453 | Orc:2    | Bought a ring of willpower for 325 gold pieces
 15549 | Orc:2    | Reached skill level 15 in Maces & Flails
 15930 | D:13     | Noticed Rupert
 15930 | D:13     | Noticed Urug
 15930 | D:13     | Found a gate to the Vaults.
 15974 | D:12     | Killed Urug
 16042 | D:12     | Killed Rupert
 16077 | D:12     | Received a gift from Trog
 16233 | D:13     | Reached skill level 17 in Fighting
 16714 | D:13     | Found Paidauqy's Antique Armour Boutique.
 16757 | D:13     | Bought a runed cloak for 195 gold pieces
 17423 | D:14     | You are sucked into a shaft and drop 1 floor!
 17423 | D:15     | Entered Level 15 of the Dungeon
 17466 | D:15     | Found a basalt altar of Yredelemnul.
 17475 | D:15     | Found Vygugg's General Store.
 17483 | D:15     | Bought a scroll of brand weapon for 123 gold pieces
 17483 | D:15     | Bought a scroll of identify for 26 gold pieces
 17603 | D:15     | Found a staircase to the Depths.
 17721 | D:14     | Found a corrupted altar of Lugonu.
 17748 | D:14     | Found a transporter.
 17756 | D:14     | Noticed Axipewex's ghost (journeyman OnSh)
 17791 | D:14     | Found a transporter.
 18388 | D:15     | Reached XP level 16. HP: 90/114 MP: 16/16
 18850 | Spider:1 | Entered Level 1 of the Spider Nest
 19353 | Spider:1 | Identified the +1 ring mail of Day {^Contam rCorr Str+5
                  | Stlth+}
 19382 | Spider:1 | Received a gift from Trog
 19452 | Spider:1 | Reached skill level 18 in Fighting
 20758 | Spider:2 | Received a gift from Trog
 21776 | Spider:3 | Reached XP level 17. HP: 120/120 MP: 17/17
 22335 | Spider:4 | Entered Level 4 of the Spider Nest
 22356 | Spider:4 | Reached skill level 19 in Fighting
 23018 | Spider:4 | Received a gift from Trog
 23575 | Spider:4 | Got a gossamer rune of Zot
 24009 | Shoals:1 | Entered Level 1 of the Shoals
 24360 | Shoals:1 | Received a gift from Trog
 24512 | Shoals:1 | Noticed a kraken
 24531 | Shoals:1 | Killed a kraken
 24887 | Shoals:2 | Noticed Ilsuiw
 25003 | Shoals:2 | Killed Ilsuiw
 25091 | Shoals:2 | Reached XP level 18. HP: 129/129 MP: 18/18
 25095 | Shoals:2 | Noticed Polyphemus
 25144 | Shoals:2 | Killed Polyphemus
 25174 | Shoals:2 | Noticed Nikola
 25198 | Shoals:2 | Killed Nikola
 25333 | Shoals:2 | Reached skill level 20 in Fighting
 25443 | Shoals:2 | Found Xicuamol's Jewellery Boutique.
 25451 | Shoals:2 | Bought a ring of see invisible for 225 gold pieces
 25546 | Shoals:2 | Received a gift from Trog
 26330 | Shoals:3 | Found Pigiykai's Antique Weapon Boutique.
 26583 | Shoals:4 | Entered Level 4 of the Shoals
 26682 | Shoals:4 | Received a gift from Trog
 26724 | Shoals:4 | Found Ifiocryc's Weapon Emporium.
 26904 | Shoals:4 | Reached skill level 10 in Shields
 27056 | Abyss:3  | Cast into level 3 of the Abyss (merfolk impaler)
 27079 | Shoals:4 | Escaped the Abyss
 27242 | Shoals:4 | Noticed Roxanne
 27266 | Shoals:4 | Killed Roxanne
 27357 | Shoals:4 | Reached XP level 19. HP: 132/136 MP: 19/19
 27360 | Shoals:4 | Identified the +3 buckler "Xataad" {rPois rC- Int+5 Dex-2}
 27839 | Shoals:4 | Got a barnacled rune of Zot
 27909 | Shoals:4 | Identified the ring of Gauso {rC+ rCorr Str+3 Dex+6 Stlth-}
 28349 | Slime:1  | Entered Level 1 of the Pits of Slime
 29088 | Slime:2  | Reached skill level 21 in Fighting
 29095 | Slime:2  | Received a gift from Trog
 29341 | Slime:3  | Gained mutation: You occasionally lose the ability to drink
                  | potions when taking damage. [a shining eye]
 29465 | Slime:3  | Found a viscous altar of Jiyva.
 30158 | Slime:5  | Entered Level 5 of the Pits of Slime
 30167 | Slime:5  | Lost mutation: You occasionally lose the ability to drink
                  | potions when taking damage. [potion of mutation]
 30167 | Slime:5  | Gained mutation: Potions are less effective at restoring
                  | your health. [potion of mutation]
 30167 | Slime:5  | Gained mutation: You are clumsy. (Dex -2) [potion of
                  | mutation]
 30167 | Slime:5  | Gained mutation: Your magical capacity is low. (-10% MP)
                  | [potion of mutation]
 30167 | Slime:5  | Gained mutation: You have sharp fingernails. [potion of
                  | mutation]
 30168 | Slime:5  | Lost mutation: Your magical capacity is low. (-10% MP)
                  | [potion of mutation]
 30168 | Slime:5  | Lost mutation: Potions are less effective at restoring your
                  | health. [potion of mutation]
 30168 | Slime:5  | Gained mutation: You are strong-willed. (Will+) [potion of
                  | mutation]
 30168 | Slime:5  | Gained mutation: You are partially covered in iridescent
                  | scales. (AC +2) [potion of mutation]
 30168 | Slime:5  | Gained mutation: You possess an exceptional clarity of
                  | mind. [potion of mutation]
 30250 | Slime:5  | Noticed the Royal Jelly
 30300 | Slime:5  | Slain by a rockslime

Illustrated notes

Levels and vault maps discovered:
D:1:      dpeg_arrival_lava_temple_mockup, layout_basic
D:2:      layout_basic
D:3:      layout_rooms, nicolae_gozag_conspicuous_consumption,
          dreamdust_ecumenical_altar_grove, serial_shops, shop, uniq_terence
D:4:      layout_loops_ring, gammafunk_temple_overflow_arena,
          mainiacjoe_overflow_boulevard, grunt_temple_overflow_open,
          kennysheep_slug_shrine
D:5:      layout_rooms, kennysheep_orc_sif_temple,
          nicolae_overflow_crystal_walls, minmay_temple_entry_overgrown
D:6:      layout_basic, kennysheep_mini_moat, nicolae_overflow_hidden_temple,
          uniq_maggie, uniq_sigmund
D:7:      layout_gridville, pdpol_wu_jian_five_deadly_venoms, serial_shops,
          shop, serial_bayou_pond_c, uniq_pikel
D:8:      layout_basic, mainiacjoe_overflow_alcove_4
D:9:      layout_cave_pools, hangedman_abyss_or_decor_jellyfish_corner,
          chequers_serial_rivers_micro_e, hangedman_fish_farm
D:10:     layout_gridville, serial_shops, nicolae_shop_tiny_waterfront,
          minmay_orc_keep, uniq_maurice
D:11:     layout_basic, erik_lair_island, uniq_nergalle
D:12:     layout_loops_ring, orc_0_dummy, enter_trove_0,
          amcnicky_mini_pool_small, minmay_door_square
D:13:     layout_rooms, david_vaults_3, serial_shops,
          nicolae_inconvenience_store, lightli_wizard_tower
D:14:     layout_stronghold, gammafunk_ghost_mausoleum,
          hangedman_decor_cross_pass, tgw_lugonu_bribe, uniq_rupert
D:15:     hangedman_depths_entry_civil_slaughter, layout_gridville,
          serial_shops, shop, yredelemnul_altar_generic
Temple:   nicolae_temple_ecumenical_triangle
Lair:1:   layout_roguey [special_room_bee], lemuel_fruit_fields
Lair:2:   layout_roguey, spider_nest_entry_funnel_web, gammafunk_ghost_cemetery,
          portal_ice_cave_entry_imps, eino_small_chamber_without_monster,
          lemuel_fruit_fields, uniq_urug, uniq_fannar
Lair:3:   layout_regular_city, nicolae_shoals_entry_flooding,
          gammafunk_ghost_arena
Lair:4:   layout_loops_ring, minmay_slime_entry_pillars, lemuel_oklob_altar
Lair:5:   evilmike_catoblepas_cave, layout_regular_city, grunt_megastairs_4
Shoals:1: layout_shoals, nicolae_shoals_the_drawing_of_the_three
Shoals:2: layout_shoals, serial_shops, nicolae_lakefront_shop, uniq_nikola,
          uniq_polyphemus, uniq_ilsuiw
Shoals:3: layout_shoals, serial_shops, nicolae_shop_tiny_statue_garden,
          nicolae_shoals_this_corrosion
Shoals:4: shoals_end_simple, layout_shoals, shoals_ilsuiw_ice, serial_shops,
          nicolae_shop_bloodbath_and_beyond, uniq_roxanne
Spider:1: layout_chambers, worms_lemuel
Spider:2: layout_spider_delve
Spider:3: layout_chambers
Spider:4: spider_rune_water, nicolae_spider_paper_wasps
Slime:1:  layout_caves
Slime:2:  layout_caves
Slime:3:  cheibrodos_slime_lost_civilization_1, layout_caves, basic_altar
Slime:4:  layout_caves
Slime:5:  slime_pit_nicolae_block_by_block
Orc:1:    layout_diamond_mine
Orc:2:    pubby_orc_utopia, serial_shops

Skill      XL: |  1  2  3  4  5  6  7  8  9 10 11 12 13 14 15 16 17 18 19 |
---------------+----------------------------------------------------------+-----
Fighting       | 3 4 5 6 7 9 10 12 13 14 16 17 18 19 20 21 | 21.2
Maces & Flails | 1 2 3 4 5 7 9 10 12 13 14 15 17 18 19 | 19.3
Armour         | 1 2 3 5 6 8 10 11 13 14 15 17 18 19 20 | 20.9
Shields        | 3 5 8 10 11 | 11.8
Staves         | |  3.3
Throwing       | |  1.7
Dodging        | |  2.7

Action                     |  1- 3 |  4- 6 |  7- 9 | 10-12 | 13-15 | 16-18 | 19-21 || total
---------------------------+-------+-------+-------+-------+-------+-------+-------++-------
  Melee: Quarterstaff      |    55 |       |       |       |       |       |       ||    55
         Whip              |    43 |    59 |   244 |       |       |       |       ||   346
         Punch             |       |     1 |     3 |     7 |       |       |       ||    11
         Morningstar       |       |       |    79 |   589 |       |       |       ||   668
         Eveningstar       |       |       |       |   140 |  1033 |  1260 |   420 ||  2853
 Invoke: Berserk           |       |     1 |     5 |     5 |     5 |    12 |     6 ||    34
         Trog's Hand       |       |       |     1 |     1 |     2 |     5 |     1 ||    10
         Brothers in Arms  |       |       |       |       |       |     1 |     1 ||     2
  Evoke: Wand              |       |       |       |     6 |       |       |       ||     6
    Use: Scroll            |       |       |     6 |    19 |    18 |    11 |     4 ||    58
         Potion            |       |       |       |     2 |       |     6 |     2 ||    10
   Stab: Paralysed         |       |       |       |     4 |       |       |       ||     4
         Petrified         |       |       |       |       |     1 |       |       ||     1
         Held in net/web   |       |       |       |       |       |     1 |       ||     1
 Armour: Leather armour    |    41 |       |       |       |       |       |       ||    41
         Chain mail        |    29 |    53 |   317 |    13 |       |       |       ||   412
         Ring mail         |     2 |       |       |       |       |       |       ||     2
         Plate armour      |       |       |       |   951 |  1224 |  1809 |   361 ||  4345
  Dodge: Dodged            |    46 |    21 |   153 |   381 |   436 |   587 |   107 ||  1731
  Block: Buckler           |       |       |       |    17 |   541 |   714 |    35 ||  1307
         Kite shield       |       |       |       |       |       |       |   224 ||   224
